 Dungeon Crawl Stone Soup version 0.18.1-6-gd335043 (webtiles) character file.

3968 kae the Spear-Bearer (level 10, -2/84 HPs)
             Began as a Naga Fighter on May 16, 2016.
             Was an Elder of Cheibriados.
             Splashed by a brown ugly thing's acid (9 damage)
             ... on level 8 of the Dungeon.
             The game lasted 00:15:15 (8866 turns).

kae the Spear-Bearer (Naga Fighter)                 Turns: 8866, Time: 00:15:16

Health: -2/84      AC: -1    Str: 28    XL:     10   Next: 22%
Magic:  11/15      EV:  5    Int: 18    God:    Cheibriados [****..]
Gold:   501        SH: 11    Dex: 24    Spells: 0 memorised, 9 levels left

rFire  . . .     SeeInvis +     a - +0 trident
rCold  . . .     Gourm    .     b - +0 scale mail
rNeg   . . .     Faith    +     c - +0 shield
rPois  +         Spirit   .     (no helmet)
rElec  .         Dismiss  .     q - +0 cloak
rCorr  .         Reflect  .     n - +1 pair of gloves
SustAt .         Harm     .     (no barding)
MR     ++...                    o - amulet of faith
Stlth  +.........               p - ring of protection from magic
                                j - +2 ring of dexterity

@: corroded, very slow, very resistant to hostile enchantments, very unstealthy
A: see invisible, deformed body, poison resistance, slowness 2, slow metabolism
1, spit poison 2, AC +3
a: Spit Poison, Bend Time, Temporal Distortion, Slouch, Renounce Religion


You were on level 8 of the Dungeon.
You worshipped Cheibriados.
Cheibriados was greatly pleased with you.
You were not hungry.

You visited 1 branch of the dungeon, and saw 8 of its levels.

You collected 501 gold pieces.

Inventory:

Hand Weapons
 a - a +0 trident (weapon)
Armour
 b - a +0 scale mail (worn)
 c - a +0 shield (worn)
 n - a +1 pair of gloves (worn)
 q - a +0 cloak (worn)
Jewellery
 j - a +2 ring of dexterity (left hand)
 o - an amulet of faith (around neck)
 p - a ring of protection from magic (right hand)
Wands
 r - a wand of digging (14/24)
 u - a wand of flame (27/48)
 x - a wand of enslavement (1/24)
 y - a wand of lightning (4/15)
 C - a wand of heal wounds (3/9)
 I - a wand of disintegration (17/24)
 K - a wand of polymorph (8/24)
Scrolls
 d - 2 scrolls of recharging
 g - 2 scrolls of teleportation
 t - a scroll of enchant armour
 v - 6 scrolls of remove curse
 w - a scroll of fog
 D - a scroll of random uselessness {unknown}
 F - a scroll of enchant weapon {unknown}
 G - a scroll of summoning {unknown}
 J - 2 scrolls of identify
 L - a scroll of fear {unknown}
Potions
 e - 2 potions of lignification
 h - 2 potions of agility
 i - 6 potions of curing
 k - a potion of invisibility {unknown}
 l - 2 potions of brilliance
 m - 2 potions of heal wounds
 z - a potion of berserk rage {unknown}
 A - 2 potions of flight {unknown}
 E - 2 potions of haste {unknown}
Comestibles
 f - 8 bread rations
 s - 2 slices of pizza
 B - a beef jerky
 H - 2 meat rations


   Skills:
 - Level 3.0 Fighting
 * Level 12.3 Polearms
 - Level 2.4 Armour
 - Level 2.4 Shields
 + Level 7.8 Invocations


You had 9 spell levels left.
You didn't know any spells.

Dungeon Overview and Level Annotations

Branches:
Dungeon (8/15)             Temple (0/1) D:6
   Lair: D:8-11

Altars:
Cheibriados
Gozag
Kikubaaqudgha
Qazlal
Ru
Sif Muna
Vehumet
Xom


Innate Abilities, Weirdness & Mutations

You cannot wear boots.
Your serpentine skin is tough (AC +3).
You have supernaturally acute eyesight.
Armour fits poorly on your strangely shaped body.
Your system is resistant to poisons.
You cover ground very slowly.
You have a slow metabolism.
You can spit poison.


Message History

You puncture the brown ugly thing!
The brown ugly thing is severely wounded.
The brown ugly thing stings you!
You are splashed with acid!
The acid corrodes you!
The acid burns!
You hit the brown ugly thing but do no damage.
The brown ugly thing is severely wounded.
The brown ugly thing stings you!
* * * LOW HITPOINT WARNING * * *
You are splashed with acid!
The acid burns!
* * * LOW HITPOINT WARNING * * *
You are too injured to fight recklessly!
You are too injured to fight recklessly!
Read which item? (? for menu, Esc to quit)
Okay, then.
You warp the flow of time around you!
You feel quite a bit more hungry.
Cheibriados lowers the support of your attributes as your movement quickens.
The brown ugly thing stings you!
* * * LOW HITPOINT WARNING * * *
You are splashed with acid!
The acid corrodes you!
The acid burns!
You die...

###### #.#####.# #
#.......## #
#######..# # #..##
# ###############
#...# #
#.............#
#####.#.## #
#.###########.#
#........# # #.#
##u####.###.#..# #
#.# #.@...#.#
#.#..# # #.#
#.....#.###.#..## #
#.#
#.....#.....#...# #
#.#
#.....#######.#.###
#.# ##.#....
#...... #.#
#.#.###### ###..##
#.# #'#.# #<# ##.##
#.# ....# #.# #..#
#.# #.# ##.#


You could see a brown ugly thing.

Vanquished Creatures
  Prince Ribbit (D:6)
  A spriggan (D:7)
  A hippogriff (D:7)
  Menkaure (D:5)
  A water moccasin (D:7)
  Edmund (D:5)
  Duvessa (D:6)
  An orc warrior (D:7)
  3 sky beasts
  4 ice beasts
  A phantom (D:5)
  An ogre (D:7)
  Blork the orc (D:5)
  4 giant frogs
  Dowan (D:6)
  A wyvern skeleton (D:7)
  A water moccasin skeleton (D:6)
  A scorpion (D:6)
  6 killer bees (D:6)
  2 crimson imps
  A centaur zombie (D:8)
  2 giant frog zombies
  4 hounds
  4 jellies
  9 orc wizards
  3 orc priests
  3 iguanas
  6 worker ants
  A hound zombie (D:7)
  2 hound skeletons
  2 worker ant zombies
  9 adders
  10 gnolls
  2 shadow imps
  An ooze (D:3)
  An adder zombie (D:6)
  2 adder skeletons
  5 worms
  9 dart slugs
  7 giant geckos
  21 orcs
  4 bats
  7 giant cockroaches
  12 goblins
  9 hobgoblins
  8 jackals
  2 quokkas
  4 ball pythons
  8 giant newts
  A jackal zombie (D:5)
  9 kobolds
  5 rats
207 creatures vanquished.

Notes
Turn   | Place    | Note
--------------------------------------------------------------
     0 | D:1      | kae the Naga Fighter began the quest for the Orb.
     0 | D:1      | Reached XP level 1. HP: 21/21 MP: 1/1
   190 | D:1      | Reached XP level 2. HP: 22/28 MP: 2/2
   413 | D:1      | Reached skill level 3 in Polearms
   816 | D:1      | Reached XP level 3. HP: 34/34 MP: 3/3
  1138 | D:2      | Reached skill level 4 in Polearms
  1174 | D:2      | Reached XP level 4. HP: 26/42 MP: 4/4
  1336 | D:2      | Found a sacrificial altar of Ru.
  1625 | D:2      | Found an ancient bone altar of Kikubaaqudgha.
  1999 | D:3      | Reached skill level 5 in Polearms
  2000 | D:3      | Found a snail-covered altar of Cheibriados.
  2053 | D:3      | Reached XP level 5. HP: 49/49 MP: 5/5
  2695 | D:4      | Found a radiant altar of Vehumet.
  2809 | D:4      | Found a shimmering altar of Xom.
  2832 | D:4      | Reached skill level 6 in Polearms
  2832 | D:4      | Reached XP level 6. HP: 52/56 MP: 6/6
  3830 | D:4      | Reached skill level 7 in Polearms
  3895 | D:3      | Became a worshipper of Cheibriados the Contemplative
  4125 | D:5      | Entered Level 5 of the Dungeon
  4145 | D:5      | Noticed Blork the orc
  4154 | D:5      | Killed Blork the orc
  4154 | D:5      | Reached XP level 7. HP: 57/62 MP: 7/7
  4175 | D:5      | Reached skill level 1 in Invocations
  4443 | D:5      | Reached * piety under Cheibriados
  4740 | D:5      | Reached skill level 8 in Polearms
  4774 | D:5      | Noticed Menkaure
  4778 | D:5      | Killed Menkaure
  4778 | D:5      | Reached XP level 8. HP: 57/69 MP: 10/10
  4819 | D:5      | Noticed Edmund
  4841 | D:5      | Killed Edmund
  4841 | D:5      | Reached skill level 9 in Polearms
  5513 | D:6      | Reached ** piety under Cheibriados
  5933 | D:6      | Found a stormy altar of Qazlal.
  6038 | D:6      | Reached skill level 5 in Invocations
  6104 | D:6      | Reached skill level 10 in Polearms
  6127 | D:6      | Reached XP level 9. HP: 75/75 MP: 12/12
  6128 | D:6      | Found a staircase to the Ecumenical Temple.
  6481 | D:6      | Noticed Prince Ribbit
  6495 | D:6      | Killed Prince Ribbit
  6538 | D:6      | Noticed Duvessa
  6539 | D:6      | Noticed Dowan
  6558 | D:6      | Killed Duvessa
  6567 | D:6      | Killed Dowan
  6567 | D:6      | Reached *** piety under Cheibriados
  7000 | D:6      | Reached skill level 11 in Polearms
  7631 | D:7      | Reached **** piety under Cheibriados
  7778 | D:7      | Reached XP level 10. HP: 42/84 MP: 11/15
  7979 | D:7      | Found an opulent altar of Gozag.
  8022 | D:7      | Reached skill level 12 in Polearms
  8241 | D:7      | Found a deep blue altar of Sif Muna.
  8852 | D:8      | Noticed a brown ugly thing
  8866 | D:8      | Splashed by a brown ugly thing's acid

Skill      XL: |  1  2  3  4  5  6  7  8  9 10 |
---------------+-------------------------------+-----
Polearms       | 3 4 5 6 7 8 10 11 12 | 12.3
Invocations    | 3 5 7 |  7.8
Fighting       | |  3.0
Armour         | |  2.4
Shields        | |  2.4

Action                   |  1- 3 |  4- 6 |  7- 9 | 10-12 || total
-------------------------+-------+-------+-------+-------++-------
Melee: Trident           |   156 |   338 |   472 |   112 ||  1078
Invok: Bend Time         |       |       |    13 |     2 ||    15
       Temporal Distorti |       |       |       |     1 ||     1
 Abil: Spit Poison       |     7 |    13 |    24 |     1 ||    45
Evoke: Wand              |       |       |     2 |       ||     2
  Use: Scroll            |     5 |     5 |     2 |       ||    12
       Potion            |       |     1 |     1 |       ||     2
  Eat: Chunk             |     1 |     8 |    10 |     3 ||    22
Armor: Scale mail        |    61 |   110 |   184 |    29 ||   384
Dodge: Dodged            |    23 |    43 |    93 |    12 ||   171
Block: Shield            |    53 |   130 |   203 |    42 ||   428
